 Dungeon Crawl Stone Soup version 0.25-a0-85-g7617fd2bc2 (webtiles) character file.

Game seed: 12888021824322769995, levelgen mode: deterministic

34251 MrRokkomies the Unseen (level 13, 0/102 HPs)
             Began as a Vampire Enchanter on Nov 8, 2019.
             Was a High Priest of Dithmenos.
             Slain by an elephant (13 damage)
             ... on level 5 of the Lair of Beasts.
             The game lasted 01:00:59 (15699 turns).

MrRokkomies the Unseen (Vampire Enchanter)         Turns: 15699, Time: 01:00:59

Health: 0/102      AC: 12    Str:  9    XL:     13   Next: 41%
Magic:  15/28      EV: 10    Int: 25    God:    Dithmenos [*****.]
Gold:   732        SH:  4    Dex: 18    Spells: 1/16 levels left

rFire    + . .     SeeInvis +   a - +4 dagger "Newtslayer" {venom, rPois MR+ Dex+4}
rCold    . . .     Gourm    .   J - +0 buckler
rNeg     . . .     Faith    .   T - +0 ring mail "Beur" {rF+ Regen+ MP+9 Stlth+}
rPois    +         Spirit   .   u - +1 hat {Int+3}
rElec    .         Reflect  .   o - +2 cloak
rCorr    .         Harm     .   G - +1 pair of gloves
MR       ++...                  x - +0 pair of boots of Apiciceg {rPois Regen+ Str-2 Dex-4}
Stlth    ++++++++++             (no amulet)
HPRegen  1.27/turn              Q - +4 ring of strength
MPRegen  0.21/turn              H - +3 ring of dexterity

@: regenerating quickly, wreathed by umbra
A: no food, fangs 3, see invisible, unbreathing
a: Exsanguinate, Shadow Step, Shadow Form, Renounce Religion


You were on level 5 of the Lair of Beasts.
You worshipped Dithmenos.
Dithmenos was extremely pleased with you.
You were alive.

You visited 3 branches of the dungeon, and saw 18 of its levels.

You collected 988 gold pieces.
You spent 256 gold pieces at shops.

Inventory:

Hand Weapons
 a - the +4 dagger "Newtslayer" (weapon) {venom, rPois MR+ Dex+4}
   (You found it on level 5 of the Lair of Beasts)

   It poisons the flesh of those it strikes.
   It affects your dexterity (+4).
   It protects you from poison.
   It affects your resistance to hostile enchantments.
 b - a +0 hunting sling
 E - a +2 short sword of electrocution
 W - the +3 rapier "Okurock" {freeze, Int+6}
   (You acquired it on level 9 of the Dungeon)

   It has been specially enchanted to freeze those struck by it, causing extra
   injury to most foes and up to half again as much damage against particularly
   susceptible opponents.
   It can also slow down cold-blooded creatures.
   It affects your intelligence (+6).
Missiles
 e - 542 stones (quivered)
 K - 41 poisoned darts
 L - 2 throwing nets
 O - 152 sling bullets
Armour
 d - a +0 pair of boots
 o - a +2 cloak (worn)
 r - a +1 robe of resistance
 u - a +1 hat of intelligence (worn)
 x - the +0 pair of boots of Apiciceg (worn) {rPois Regen+ Str-2 Dex-4}
   (You bought it in a shop on level 5 of the Dungeon)

   It affects your strength (-2).
   It affects your dexterity (-4).
   It protects you from poison.
   It increases your rate of regeneration.
 G - a +1 pair of gloves (worn)
 I - a +3 leather armour of fire resistance
 J - a +0 buckler (worn)
 R - the +3 leather armour "Fokloelof" {rC+ rN+}
   (You found it on level 2 of the Lair of Beasts)

   It protects you from cold.
   It protects you from negative energy.
 T - the +0 ring mail "Beur" (worn) {rF+ Regen+ MP+9 Stlth+}
   (You found it on level 11 of the Dungeon)

   It protects you from fire.
   It affects your magic capacity (+9).
   It increases your rate of regeneration.
   It makes you more stealthy.
Magical Staves
 Z - an uncursed staff of wizardry
Jewellery
 j - an uncursed ring of poison resistance
 k - an uncursed ring of stealth
 w - an uncursed ring of flight
 D - a +3 ring of intelligence
 H - a +3 ring of dexterity (right hand)
 Q - a +4 ring of strength (left hand)
 U - an uncursed ring of ice
Wands
 p - a wand of random effects (28)
 s - a wand of scattershot (2)
 z - a wand of iceblast (7)
 M - a wand of disintegration (31)
 N - a wand of paralysis (5)
Scrolls
 c - a scroll of silence {unknown}
 f - 3 scrolls of amnesia
 t - 5 scrolls of remove curse
 y - 2 scrolls of enchant weapon
 A - 2 scrolls of fear
 C - 2 scrolls of immolation
 S - 3 scrolls of identify
 V - a scroll of teleportation
 X - 3 scrolls of fog
 Y - a scroll of blinking
Potions
 g - 5 potions of mutation
 h - a potion of brilliance
 i - 4 potions of might
 l - 4 potions of lignification
 m - 4 potions of curing
 n - a potion of ambrosia
 q - 3 potions of resistance
 v - 4 potions of agility
 B - a potion of cancellation
 F - a potion of flight
Miscellaneous
 P - a phantom mirror


   Skills:
 * Level 9.7 Fighting
 - Level 12.0 Short Blades
 - Level 2.1 Dodging
 + Level 15.9 Stealth
 - Level 2.0 Spellcasting
 - Level 15.0 Hexes
 * Level 2.8 Poison Magic
 - Level 8.0 Evocations


You had one spell level left.
You knew the following spells:

 Your Spells              Type           Power        Failure   Level  Hunger
a - Confusing Touch       Hex            ######       1%          1    N/A
b - Ensorcelled Hibernat  Hex/Ice        #####.       3%          2    N/A
c - Confuse               Hex            ######..     1%          3    N/A
d - Tukima's Dance        Hex            ######..     1%          3    N/A
e - Olgreb's Toxic Radia  Pois           ###.....     86%         4    N/A
f - Blink                 Tloc           N/A          63%         2    N/A

Your spell library contained the following spells:

 Spells                   Type           Power        Failure   Level  Hunger
 Corona                   Hex            ######.      1%          1    N/A
 Sting                    Conj/Pois      #...         30%         1    N/A
 Animate Skeleton         Necr           N/A          47%         1    N/A
 Apportation              Tloc           #.....       47%         1    N/A
 Flame Tongue             Conj/Fire      #....        47%         1    N/A
 Magic Dart               Conj           #...         47%         1    N/A
 Sandblast                Erth           #.....       47%         1    N/A
 Summon Butterflies       Summ           #.......     47%         1    N/A
 Summon Small Mammal      Summ           #...         47%         1    N/A
 Slow                     Hex            ######..     1%          2    N/A
 Dazzling Spray           Conj/Hex       #####.       8%          3    N/A
 Inner Flame              Hex/Fire       #####...     8%          3    N/A
 Poisonous Vapours        Pois/Air       #.....       41%         2    N/A
 Summon Mana Viper        Hex/Summ       #####...     56%         5    N/A
 Call Imp                 Summ           #.......     63%         2    N/A
 Passwall                 Tmut/Erth      #.......     63%         2    N/A
 Throw Flame              Conj/Fire      #.....       63%         2    N/A
 Mephitic Cloud           Conj/Pois/Air  #.......     73%         3    N/A
 Call Canine Familiar     Summ           #.......     85%         3    N/A
 Conjure Flame            Conj/Fire      #.......     85%         3    N/A
 Stone Arrow              Conj/Erth      #.....       85%         3    N/A
 Petrify                  Tmut/Erth      #.......     99%         4    N/A
 Sticky Flame             Conj/Fire      #.......     99%         4    N/A
 Summon Ice Beast         Ice/Summ       #.......     99%         4    N/A
 Fireball                 Conj/Fire      #.........   100%        5    N/A
 Lee's Rapid Deconstruct  Erth           #.........   100%        5    N/A
 Venom Bolt               Conj/Pois      #.........   100%        5    N/A
 Summon Hydra             Summ           #.........   100%        7    N/A

Dungeon Overview and Level Annotations

Branches:
Dungeon (11/15)            Temple (1/1) D:6            Lair (6/6) D:11
 Shoals (0/4) Lair:3        Snake (0/4) Lair:3        Slime (0/5) Lair:6
    Orc: D:9-12

Altars:
Ashenzari
Cheibriados
Dithmenos
Elyvilon
Fedhas
Gozag
Hepliaklqana
Kikubaaqudgha
Makhleb
Nemelex Xobeh
Okawaru
Qazlal
Ru
Sif Muna
Trog
Uskayaw
Vehumet
Wu Jian
Xom
Yredelemnul
Zin
The Shining One

Shops:
D:5 [   D:10 !

Annotations:
D:4 Duvessa
Lair:1 exclusion: 4 oklob plants


Innate Abilities, Weirdness & Mutations

You do not eat.
Your natural rate of healing is unusually fast.
You have razor-sharp teeth.
You have supernaturally acute eyesight. (SInv)
You can survive without breathing.


Message History

The elephant seems less confused.
You block the spiny frog's attack.
You hit the elephant but do no damage.
The elephant is lightly wounded.
The elephant misses you.
The elephant trunk-slaps you but does no damage.
The spiny frog misses you. The spiny frog stings you!
* * * LOW HITPOINT WARNING * * *
Okay, then.
Unknown command.
Unknown command.
Casting: Ensorcelled Hibernation (safe; 3% risk of failure)
Confirm with . or Enter, or press ? or * to list all spells.
Aiming: Confuse (safe; 1% risk of failure)
Press: ? - help, Shift-Dir - straight line, f/p - spiny frog
Aim: a spiny frog (umbra, chance to defeat MR: 79%)
The spiny frog barely resists.
The spiny frog stings you!
* * * LOW HITPOINT WARNING * * *
The elephant tramples you!
You die...

..................###.P...##.P#
.#.###...##.P.................###
#.####..####P......P...#.........
#####...####.%....#..##.#........
##..#.#..##.....P..#.P####.......
.........P#.##....#...# ##.....#
#####.#....####P.....## ##...##
## #.##....# ##PP....# #..#### .#
###.....###.F@...## #....##
.#####.........Y#...# #......
................P...# #P.....
...............P....# ##.....
............>.....).# ##†.....
.......#........%...## #.#.....
..............P......# ###....P.
.........#..P...#....# #.#....P.
......#.##...........####.P.....#


You could see an elephant and a spiny frog.

Vanquished Creatures
  Gastronok (D:8)
  Snorg (D:11)
  Fannar (D:11)
  3 hydras
  A centaur warrior (D:10)
  Pikel (D:6)
  An ugly thing (D:11)
  2 oklob plants (Lair:4)
  An elephant (D:11)
  2 black mambas
  Joseph (D:7)
  4 spiny frogs
  A torpor snail (Lair:3)
  8 komodo dragons
  A troll (D:9)
  2 merfolk
  13 blink frogs
  2 polar bears
  Grinder (D:3)
  7 hippogriffs
  9 dream sheep
  Sigmund (D:3)
  A wraith (D:11)
  Grum (D:8)
  4 basilisks
  9 yaks
  A hungry ghost (D:9)
  Eustachio (D:5)
  A swamp worm (Lair:1)
  A soldier ant (D:11)
  4 nagas (Lair:3)
  7 porcupines
  7 water moccasins
  2 ice beasts
  A slave (D:6)
  2 orc warriors
  2 necrophages
  5 black bears
  A phantom (D:11)
  4 ogres
  31 wolves
  2 centaurs
  9 crocodiles
  Blork the orc (D:6)
  15 bullfrogs
  A wyvern zombie (D:8)
  A water moccasin zombie (D:6)
  6 scorpions
  Dowan (D:4)
  11 killer bees
  5 wights
  5 howler monkeys
  2 electric eels (Lair:3)
  3 crimson imps
  A bullfrog zombie (D:9)
  A centaur zombie (D:7)
  3 centaur skeletons
  A gnoll shaman (D:5)
  5 hounds
  8 orc priests
  Crazy Yiuf (D:3)
  3 jellies
  8 orc wizards
  2 bullfrog skeletons
  8 worker ants
  2 hell rats (Lair:4)
  A killer bee zombie (D:6)
  A hound zombie (D:8)
  A hound skeleton (D:9)
  A howler monkey zombie (D:8)
  9 gnolls
  14 adders
  7 river rats (Lair:4)
  A shadow imp (D:7)
  3 oozes
  3 worms
  A dart slug (D:2)
  3 leopard geckos
  41 orcs
  4 giant cockroaches
  6 goblins
  7 hobgoblins
  19 jackals
  5 kobolds
  7 quokkas
  9 bats
  5 frilled lizards
  A giant cockroach zombie (D:6)
  2 quokka skeletons
  5 rats
  2 plants (Lair:1)
412 creatures vanquished.

Vanquished Creatures (collateral kills)
  3 two-headed ogres
  Urug (Lair:5)
  A yak (D:10)
  A wyvern (D:10)
  An orc warrior (D:10)
  4 ogres
  A gnoll sergeant (D:8)
  6 wights
  A worker ant (D:10)
  3 gnolls
  An adder (D:4)
  An orc (D:8)
24 creatures vanquished.

Vanquished Creatures (others)
  2 dancing weapons
  An electric eel (Lair:5)
  A worker ant zombie (D:6)
  2 plants (Lair:1)
6 creatures vanquished.

Grand Total: 442 creatures vanquished

Notes
Turn   | Place    | Note
-------+----------+-------------------------------------------
     0 | D:1      | MrRokkomies the Vampire Enchanter began the quest for the
                  | Orb.
     0 | D:1      | Reached XP level 1. HP: 13/13 MP: 3/3
   159 | D:1      | Reached XP level 2. HP: 19/19 MP: 5/5
   163 | D:1      | Learned a level 2 spell: Ensorcelled Hibernation
   448 | D:1      | Reached skill level 5 in Hexes
   760 | D:1      | Reached XP level 3. HP: 24/24 MP: 6/6
   772 | D:1      | Learned a level 3 spell: Confuse
   959 | D:2      | Reached skill level 5 in Stealth
  1306 | D:2      | Reached XP level 4. HP: 29/30 MP: 7/7
  2098 | D:3      | Noticed Grinder
  2115 | D:3      | Killed Grinder
  2115 | D:3      | Reached XP level 5. HP: 20/35 MP: 1/8
  2115 | D:3      | Reached XP level 6. HP: 24/41 MP: 1/9
  2214 | D:3      | Noticed Sigmund
  2268 | D:3      | Learned a level 3 spell: Tukima's Dance
  2431 | D:3      | Killed Sigmund
  2431 | D:3      | Reached skill level 5 in Short Blades
  2616 | D:3      | Found a runed translucent door.
  2617 | D:3      | Noticed Crazy Yiuf
  2889 | D:3      | Killed Crazy Yiuf
  2889 | D:3      | Reached XP level 7. HP: 46/46 MP: 6/10
  3157 | D:4      | Found a sparkling altar of Nemelex Xobeh.
  3363 | D:4      | Noticed Duvessa
  3467 | D:4      | Noticed Dowan
  3635 | D:4      | Killed Dowan
  3758 | D:5      | Entered Level 5 of the Dungeon
  3843 | D:5      | Reached XP level 8. HP: 50/52 MP: 7/11
  4201 | D:5      | Noticed Eustachio
  4226 | D:5      | Killed Eustachio
  4226 | D:5      | Reached skill level 10 in Hexes
  4372 | D:5      | Found Lisobri's Antique Armour Boutique.
  4656 | D:5      | Bought a pair of slimy boots for 256 gold pieces
  4666 | D:5      | Identified the cursed +0 pair of boots of Apiciceg {rPois
                  | Regen+ Str-2 Dex-4} (You bought it in a shop on level 5 of
                  | the Dungeon)
  4740 | D:6      | Noticed Blork the orc
  4746 | D:6      | Killed Blork the orc
  4764 | D:6      | Found a staircase to the Ecumenical Temple.
  4775 | Temple   | Entered the Ecumenical Temple
  5070 | Temple   | Became a worshipper of Dithmenos the Shadowed
  5312 | D:6      | Noticed Pikel
  5458 | D:6      | Killed Pikel
  5458 | D:6      | Reached XP level 9. HP: 46/56 MP: 5/12
  6008 | D:7      | Reached * piety under Dithmenos
  6070 | D:7      | Reached skill level 10 in Stealth
  6809 | D:7      | Noticed Joseph
  6816 | D:7      | Killed Joseph
  7266 | D:8      | Reached skill level 10 in Short Blades
  7355 | D:8      | Noticed Gastronok
  7476 | D:8      | Reached XP level 10. HP: 62/62 MP: 13/13
  7548 | D:8      | Reached ** piety under Dithmenos
  7613 | D:8      | Killed Gastronok
  7647 | D:8      | Learned a level 1 spell: Confusing Touch
  8258 | D:9      | Identified a scroll of acquirement
  8259 | D:9      | Got a twisted rapier
  8260 | D:9      | Identified the +3 rapier "Okurock" {freeze, Int+6} (You
                  | acquired it on level 9 of the Dungeon)
  8359 | D:9      | Noticed a two-headed ogre
  8364 | D:9      | Killed a two-headed ogre
  8404 | D:9      | Noticed Grum
  8546 | D:8      | Killed Grum
  8557 | D:9      | Reached skill level 15 in Hexes
  8587 | D:9      | Reached *** piety under Dithmenos
  8587 | D:9      | Reached XP level 11. HP: 32/67 MP: 6/14
  8921 | D:10     | Entered Level 10 of the Dungeon
  9036 | D:10     | Noticed a two-headed ogre
  9067 | D:9      | Reached skill level 1 in Fighting
  9069 | D:9      | Reached skill level 1 in Evocations
  9144 | D:10     | Killed a two-headed ogre
  9216 | D:10     | Noticed a centaur warrior
  9230 | D:10     | Killed a centaur warrior
  9263 | D:10     | Found Bioph's Distillery.
  9692 | D:11     | Noticed Fannar
  9711 | D:11     | Killed Fannar
  9800 | D:11     | Found a staircase to the Lair.
  9802 | D:11     | Noticed a six-headed hydra
  9839 | D:11     | Got a smoking ring mail
  9860 | D:11     | Identified the +0 ring mail "Beur" {rF+ Regen+ MP+9 Stlth+}
                  | (You found it on level 11 of the Dungeon)
  9914 | D:11     | Noticed a red ugly thing
  9921 | D:11     | Killed a red ugly thing
 10094 | D:11     | Noticed a two-headed ogre
 10101 | D:11     | Killed a two-headed ogre
 10221 | D:11     | Reached **** piety under Dithmenos
 10446 | D:11     | Noticed Snorg
 10453 | D:11     | Killed Snorg
 10453 | D:11     | Reached skill level 5 in Fighting
 10512 | D:11     | Reached skill level 5 in Evocations
 10642 | D:11     | Killed a six-headed hydra
 10757 | Lair:1   | Entered Level 1 of the Lair of Beasts
 10759 | Lair:1   | Noticed an oklob plant
 10830 | Lair:1   | Reached XP level 12. HP: 52/85 MP: 16/16
 11424 | Lair:1   | Got a silken robe
 11435 | Lair:1   | Identified the cursed +0 robe of the Lost People {Int-5
                  | Dex+5} (You found it on level 1 of the Lair of Beasts)
 11802 | Lair:1   | Learned a level 4 spell: Olgreb's Toxic Radiance
 12237 | Lair:2   | Got a fine leather armour
 12248 | Lair:2   | Identified the +3 leather armour "Fokloelof" {rC+ rN+} (You
                  | found it on level 2 of the Lair of Beasts)
 12552 | Lair:3   | You fall into a shaft and drop 2 floors!
 12627 | Lair:5   | Got a fine dagger
 12686 | Lair:5   | Identified the +4 dagger "Newtslayer" {venom, rPois MR+
                  | Dex+4} (You found it on level 5 of the Lair of Beasts)
 12724 | Lair:5   | You fall into a shaft and drop 1 floor!
 12724 | Lair:6   | Entered Level 6 of the Lair of Beasts
 12749 | Lair:6   | Learned a level 2 spell: Blink
 12934 | Lair:4   | Reached ***** piety under Dithmenos
 12980 | Lair:4   | HP: 3/91 [wolf (6)]
 13254 | Lair:4   | Reached skill level 15 in Stealth
 13257 | Lair:3   | Noticed a seven-headed hydra
 13351 | Lair:3   | Noticed a seven-headed hydra
 13363 | Lair:3   | Reached XP level 13. HP: 99/99 MP: 19/19
 13695 | Lair:3   | Found a staircase to the Snake Pit.
 14247 | Lair:3   | Found a staircase to the Shoals.
 14265 | Lair:3   | Reached skill level 1 in Poison Magic
 15047 | Lair:5   | Noticed Urug
 15062 | Lair:5   | Killed Urug
 15699 | Lair:5   | Slain by an elephant

Levels and vault maps discovered:
D:1:      dpeg_arrival_three_same_balls, layout_basic
D:2:      layout_loops_corners
D:3:      layout_rooms, uniq_sigmund, uniq_grinder, uniq_crazy_yiuf_cottage
D:4:      layout_loops_ring, nemelex_xobeh_ov_fountains_minmay, first_ration,
          uniq_duvessa
D:5:      layout_basic, serial_shops, nicolae_shop_crystal, uniq_eustachio
D:6:      layout_gridville, minmay_temple_entry_statues_fountains,
          grunt_ministairs_7, patterned_corridor, uniq_pikel, uniq_blork_the_orc
D:7:      layout_loops_corners, chequers_serial_rivers_micro_e, uniq_joseph
D:8:      layout_gridville, uniq_gastronok
D:9:      layout_rooms, hangedman_fish_farm, uniq_grum
D:10:     layout_cross, serial_shops, shop
D:11:     layout_irregular_city, david_lair_generic, uniq_snorg, uniq_fannar
Temple:   regret_index_temple_sigil_plot
Lair:1:   layout_chaotic_city, worms_lemuel, minmay_lair_oklob_chamber
Lair:2:   layout_regular_city
Lair:3:   layout_gridlike, elwin_shoals_entry_rooms,
          minmay_snake_entry_guardpost_medium, serial_bayou_shore_a,
          grunt_megastairs_4
Lair:4:   dpeg_oklob_gauntlet, layout_hall_layers, kennysheep_rathole,
          infiniplex_staircase_pool
Lair:5:   layout_loops_ring, gammafunk_lair_bear_cave, uniq_urug
Lair:6:   grunt_lair_end_beastmaster, layout_misc_corridors, slime_altar_2,
          grunt_megastairs_5, serial_bayou_shore_b

Skill      XL: |  1  2  3  4  5  6  7  8  9 10 11 12 13 |
---------------+----------------------------------------+-----
Short Blades   | 2 4 5 6 8 10 11 12 | 12.0
Hexes          | 5 7 8 9 11 13 15 | 15.0
Stealth        | 5 6 7 9 10 12 13 15 | 15.9
Fighting       | 5 8 9 |  9.7
Evocations     | 5 8 |  8.0
Poison Magic   | 2 |  2.8
Dodging        | |  2.1
Spellcasting   | |  2.0

Action                   |  1- 3 |  4- 6 |  7- 9 | 10-12 | 13-15 || total
-------------------------+-------+-------+-------+-------+-------++-------
Melee: Dagger            |   163 |    74 |       |   105 |   296 ||   638
       Bite              |    12 |    11 |    28 |    57 |    39 ||   147
       Short sword       |       |    48 |   415 |   105 |       ||   568
       Rapier            |       |       |       |   530 |       ||   530
Throw: Stone             |       |     3 |     2 |    16 |     1 ||    22
 Cast: Ensorcelled Hiber |     2 |     5 |    18 |    75 |    28 ||   128
       Confuse           |       |     3 |    11 |    13 |    15 ||    42
       Tukima's Dance    |       |       |    13 |    19 |     1 ||    33
       Confusing Touch   |       |       |       |     7 |     1 ||     8
       Blink             |       |       |       |     1 |       ||     1
Invok: Shadow Step       |       |       |       |     3 |       ||     3
Evoke: Wand              |       |       |       |     3 |       ||     3
  Use: Scroll            |     6 |     2 |     5 |    27 |       ||    40
       Potion            |     1 |     1 |       |     3 |     1 ||     6
 Stab: Sleeping          |    10 |     9 |    29 |    79 |    23 ||   150
       Distracted        |     1 |       |       |     5 |     2 ||     8
       Confused          |       |     4 |     4 |    14 |     5 ||    27
Armor: Robe              |    32 |    20 |       |       |       ||    52
       Leather armour    |       |    24 |   101 |    74 |       ||   199
       Ring mail         |       |       |       |   156 |    67 ||   223
Dodge: Dodged            |   110 |    85 |   189 |   347 |   145 ||   876
Block: Buckler           |       |       |     5 |    88 |    35 ||   128

Table legend:
 A = Non-vault XP
 B = Vault XP
 C = Vault XP percentage of total XP
 D = Non-vault monster count
 E = Vault monster count
 F = Vault count percentage of total count
                 A         B        C        D         E       F
            +---------+---------+-------+---------+---------+-------
      Total |   34924 |   14007 |  28.6 |     377 |      57 |  13.1
            +---------+---------+-------+---------+---------+-------
        D:1 |      54 |       0 |   0.0 |      22 |       0 |   0.0
        D:2 |     103 |       0 |   0.0 |      28 |       0 |   0.0
        D:3 |      74 |     514 |  87.4 |      19 |       3 |  13.6
        D:4 |     280 |      61 |  17.9 |      12 |       1 |   7.7
        D:5 |     629 |     182 |  22.4 |      31 |       1 |   3.1
        D:6 |     706 |     757 |  51.7 |      22 |       3 |  12.0
        D:7 |    1180 |     466 |  28.3 |      28 |       1 |   3.4
        D:8 |    1766 |    2639 |  59.9 |      37 |       4 |   9.8
        D:9 |    2228 |     240 |   9.7 |      25 |       1 |   3.8
       D:10 |    2725 |       0 |   0.0 |      22 |       0 |   0.0
       D:11 |    3960 |    3091 |  43.8 |      32 |       5 |  13.5
     Lair:1 |    5668 |    1509 |  21.0 |      26 |       7 |  21.2
     Lair:2 |    1305 |       0 |   0.0 |      11 |       0 |   0.0
     Lair:3 |    6039 |    1688 |  21.8 |      22 |      11 |  33.3
     Lair:4 |    2306 |    1487 |  39.2 |      16 |      14 |  46.7
     Lair:5 |    5901 |    1012 |  14.6 |      24 |       5 |  17.2
     Lair:6 |       0 |     361 | 100.0 |       0 |       1 | 100.0
            +---------+---------+-------+---------+---------+-------
